 Dungeon Crawl Stone Soup version 0.14.1-1-g650416f (webtiles) character file.

1296 Kae the Basher (level 8, 0/64 HPs)
             Began as a Minotaur Fighter on May 4, 2014.
             Succumbed to a scorpion's poison
             ... on Level 6 of the Dungeon.
             The game lasted 00:11:29 (5551 turns).

Kae the Basher (Minotaur Fighter)                   Turns: 5551, Time: 00:11:29

HP   0/64        AC  6     Str 20      XL: 8   Next:  2%
MP   3/3         EV  6     Int  7      God:
Gold 275         SH 19     Dex 11      Spells:  0 memorised,  7 levels left

rFire  . . .     SeeInvis .     a - +0,-1 flail (curse)
rCold  . . .     Clarity  .     b - +0 scale mail
rNeg   . . .     Conserve .     c - +0 shield
rPois  .         rCorr    .     (helmet restricted)
rElec  .         rRot     .     (no cloak)
SustAb . .       Spirit   .     (no gloves)
rMut   .         Warding  .     (no boots)
Saprov . . .     Stasis   .     x - amulet of rage
MR     .....                    (no ring)
                                z - ring of flight

@: lethally poisoned, not resistant to hostile enchantments, extremely
unstealthy
A: retaliatory headbutt, horns 2
a: Evoke Berserk Rage, Evoke Flight


You were on level 6 of the Dungeon.
You were hungry.

You visited 1 branch of the dungeon, and saw 6 of its levels.

You collected 275 gold pieces.

Inventory:

Hand weapons
 a - a cursed +0,-1 flail (weapon)
Missiles
 f - a dart (quivered)
Armour
 b - a +0 scale mail (worn)
 c - a +0 shield (worn)
Magical devices
 e - a wand of flame (0)
 k - a wand of random effects (14) {unknown}
Comestibles
 d - 4 bread rations
 g - a pear
 m - 11 sultanas
 q - a rotting chunk of gnoll flesh
 t - 3 meat rations
 A - a chunk of gnoll flesh
Scrolls
 h - 3 scrolls of teleportation
 i - 2 scrolls of fog {unknown}
 j - a scroll of enchant weapon II {unknown}
 l - a scroll of recharging {unknown}
 p - a scroll of enchant armour {unknown}
 s - 2 scrolls of enchant weapon I {unknown}
 u - a scroll of amnesia {unknown}
 v - a scroll of immolation {unknown}
 w - a scroll of fear {unknown}
Jewellery
 o - an uncursed amulet of the gourmand
 x - an amulet of rage (around neck)
 z - a ring of flight (left hand)
Books
 r - a book of Wizardry

   Spells                             Type                      Level
   Summon Elemental                   Summoning                    4
   Agony                              Necromancy                   5
   Force Lance                        Conjuration                  5
   Haste                              Charms                       6
   Invisibility                       Hexes                        6
   Spellforged Servitor               Conjuration/Summoning        7
 y - a book of Battle

   Spells                             Type                      Level
   Infusion                           Charms                       1
   Shroud of Golubria                 Charms/Translocation         2
   Song of Slaying                    Charms                       2
   Spectral Weapon                    Hexes/Charms                 3
   Regeneration                       Charms/Necromancy            3


   Skills:
 - Level 3.6 Fighting
 + Level 11.2 Maces & Flails
 - Level 3.6 Armour
 - Level 3.6 Shields


You had 7 spell levels left.
You didn't know any spells.

Dungeon Overview and Level Annotations

Branches:
Dungeon (6/15)
 Temple: D:4-7

Altars:
Makhleb


Innate Abilities, Weirdness & Mutations

You reflexively headbutt those who attack you in melee.
You have a pair of horns on your head.


Message History

Okay, then.
You aren't carrying any potions.
This spell is impossible to cast!
Memorise Regeneration, consuming 3 spell levels and leaving 4?
Your memorisation is interrupted.
* * * LOW HITPOINT WARNING * * *
You feel sick.
An orc comes into view. It is wielding a mace.
Unknown command.
* * * LOW HITPOINT WARNING * * *
You feel sick.
You see here 2 arrows.
You don't know any spells.
Are you sure you want to abandon this character and quit the game? (Confirm with "yes".)
Okay, then.
Unknown command.
You aren't carrying any potions.
You aren't carrying any potions.
There is a lethal amount of poison in your body!
You die...

######## . #...(...#
.....#######.......#
.......%%.##.......#
.....####@##.......#
o #..'.......+
####.......#
###'##### #.)# ##.#
#.# #.# ######+##
#######'####


There were no monsters in sight!

Vanquished Creatures
  Menkaure (D:4)
  A sky beast (D:6)
  2 centaurs
  Duvessa (D:5)
  4 scorpions
  Dowan (D:5)
  A jelly (D:5)
  An iguana (D:5)
  A worker ant (D:5)
  2 orc wizards
  3 gnolls (D:6)
  7 adders
  4 worms
  A giant eyeball (D:5)
  3 giant geckos (D:1)
  9 orcs
  2 ball pythons
  A bat skeleton (D:5)
  4 giant cockroaches
  6 goblins
  9 hobgoblins
  4 jackals (D:3)
  An ooze (D:3)
  3 quokkas
  6 bats
  3 giant newts
  13 kobolds
  11 rats
105 creatures vanquished.

Notes
Turn   | Place    | Note
--------------------------------------------------------------
     0 | D:1      | Kae, the Minotaur Fighter, began the quest for the Orb.
     0 | D:1      | Reached XP level 1. HP: 19/19 MP: 1/1
   127 | D:1      | Reached XP level 2. HP: 26/26 MP: 1/1
   442 | D:1      | Reached skill level 4 in Maces & Flails
   636 | D:2      | Reached XP level 3. HP: 31/31 MP: 2/2
  1240 | D:3      | Reached skill level 5 in Maces & Flails
  1240 | D:3      | Reached XP level 4. HP: 12/39 MP: 2/2
  1481 | D:3      | Noticed a scorpion
  1491 | D:3      | Killed a scorpion
  1491 | D:3      | Reached skill level 6 in Maces & Flails
  1685 | D:3      | Reached XP level 5. HP: 30/45 MP: 2/2
  2228 | D:3      | Found a burning altar of Makhleb.
  2228 | D:3      | Noticed a blizzard demon
  2231 | D:3      | Noticed a hellwing
  2231 | D:3      | Noticed a neqoxec
  2654 | D:4      | Reached skill level 7 in Maces & Flails
  2702 | D:4      | Noticed Menkaure
  2713 | D:4      | Killed Menkaure
  2713 | D:4      | Reached XP level 6. HP: 28/51 MP: 3/3
  2883 | D:4      | Reached skill level 8 in Maces & Flails
  3093 | D:5      | Entered Level 5 of the Dungeon
  3631 | D:5      | Reached skill level 9 in Maces & Flails
  3736 | D:5      | Noticed Dowan
  3737 | D:5      | Noticed Duvessa
  3751 | D:5      | Killed Duvessa
  3751 | D:5      | Reached XP level 7. HP: 14/57 MP: 3/3
  3767 | D:5      | Killed Dowan
  4530 | D:5      | Reached skill level 10 in Maces & Flails
  5521 | D:6      | Reached skill level 11 in Maces & Flails
  5548 | D:6      | Reached XP level 8. HP: 3/64 MP: 3/3
  5548 | D:6      | HP: 3/64 [poisoned by a scorpion]
  5550 | D:6      | HP: 1/64 [poisoned by a scorpion]
  5551 | D:6      | Succumbed to a scorpion's poison

Action                   |  1- 3 |  4- 6 |  7- 9 || total
-------------------------+-------+-------+-------++-------
Melee: Flail             |    93 |   148 |   141 ||   382
Throw: Tomahawk          |       |     3 |       ||     3
  Use: Potion            |       |     4 |     3 ||     7
       Scroll            |       |       |     2 ||     2
